 Dungeon Crawl Stone Soup version 0.17-a0-1946-gfb768fe (webtiles) character file.

544 esc the Insei (level 7, 0/46 HPs)
             Began as an Octopode Transmuter on Oct 1, 2015.
             Slain by a jackal (2 damage)
             ... on level 4 of the Dungeon.
             The game lasted 00:13:14 (5566 turns).

esc the Insei (Octopode Transmuter)                 Turns: 5566, Time: 00:13:14

Health: 0/46       AC:  1    Str: 10    XL:     7   Next: 27%
Magic:  12/12      EV: 13    Int: 17    God:
Gold:   111        SH:  0    Dex: 12    Spells: 2 memorised, 10 levels left

rFire  . . .     SeeInvis .       - Unarmed
rCold  + . .     Clarity  .     (no shield)
rNeg   . . .     SustAt   .     (helmet restricted)
rPois  .         Gourm    .     (no amulet)
rElec  .         Spirit   .     k - ring of protection from cold {rC+, !d}
rCorr  .         Warding  .     (no ring)
rMut   .         Stasis   .     (no ring)
MR     .....                    (no ring)
Stlth  ++........               (no ring)
                                (no ring)
                                (no ring)
                                (no ring)

@: not resistant to hostile enchantments, unstealthy
A: almost no armour, amphibious, 8 rings, constrict 8, camouflage 1, gelatinous
body 1
a: no special abilities


You were on level 4 of the Dungeon.
You were not hungry.

You visited 1 branch of the dungeon, and saw 5 of its levels.

You collected 111 gold pieces.

Inventory:

Missiles
 a - 81 arrows
Jewellery
 k - a ring of protection from cold (left tentacle) {rC+, !d}
   (You found it on level 2 of the Dungeon)
Scrolls
 g - a scroll of enchant armour
Potions
 e - a potion of magic
 f - a potion of poison {!q}
 h - a potion of mutation {!q}
 i - 2 potions of invisibility
 j - 4 potions of brilliance
 l - a potion of haste
Books
 b - a book of Changes
Comestibles
 c - 4 bread rations {@e1}
 d - 7 chunks of flesh {@w0}
 m - 2 meat rations {@e2}


   Skills:
 + Level 3.3 Fighting
 + Level 3.6 Dodging
 + Level 4.5 Unarmed Combat
 + Level 3.7 Spellcasting
 + Level 3.8 Transmutations


You had 10 spell levels left.
You knew the following spells:

 Your Spells              Type           Power        Failure   Level  Hunger
a - Beastly Appendage     Trmt           ###...       3%          1    None
s - Sticks to Snakes      Trmt           ###.......   6%          2    ##.....


Dungeon Overview and Level Annotations

Branches:
Dungeon (5/15)
 Temple: D:4-7

Altars:
Fedhas
Okawaru
Vehumet

Shops:
D:4 *


Innate Abilities, Weirdness & Mutations

You cannot wear most types of armour.
You are amphibious.
You can wear up to eight rings at the same time.
You can use your tentacles to constrict eight enemies at once.
Your skin changes colour to match your surroundings (Stealth).
Your rubbery body absorbs attacks (AC +1).


Message History

You take 3 damage, and have 43/46 hp.
You tentacle-slap the orc wizard but do no damage.
Your grab misses the orc wizard. The orc wizard hits you with a dagger.
You take 3 damage, and have 40/46 hp.
You tentacle-slap the orc wizard. Your grab misses the orc wizard.
The orc wizard barely misses you.
You miss the orc wizard. You grab the orc wizard.
You tentacle-slap the orc wizard, but do no damage.
You constrict the orc wizard.
The orc wizard gestures wildly while chanting.
The orc wizard flickers and vanishes!
Deactivating autopickup; reactivate with Ctrl-A.
You tentacle-slap something.
Reactivating autopickup.
You feel a bit more experienced.
Things that are here:
a dagger; a robe; an orc corpse You butcher the orc corpse.
d - 4 chunks of flesh {@w0}
Things that are here:
a dagger; a robe You see here an orc corpse.
You butcher the orc corpse.
d - 8 chunks of flesh {@w0} (gained 4)
You start resting.
Eating one of 8 chunks of flesh {@w0}.
You continue eating. x2
Health restored: 46
g - a scroll of enchant armour An orc priest comes into view.
It is wielding a war axe.
The orc priest shouts!
You tentacle-slap the orc priest. Your grab misses the orc priest.
The orc priest barely misses you.
A jackal comes into view.
You barely miss the orc priest.
The jackal barks!
Your grab misses the orc priest. The orc priest closely misses you.
You closely miss the orc priest. You grab the orc priest.
You constrict the orc priest.
You tentacle-slap the orc priest but do no damage.
You squeeze the orc priest. You constrict the orc priest.
The orc priest hits you with a war axe!
You take 8 damage, and have 38/46 hp.
You tentacle-slap the orc priest but do no damage.
You constrict the orc priest, but do no damage.
The orc priest calls down the wrath of Beogh upon you.
Something smites you! The jackal bites you.
You hear a bark!
A jackal comes into view.
You take 18 damage, and have 20/46 hp.
MASSIVE DAMAGE!!
You tentacle-slap the orc priest but do no damage.
You constrict the orc priest. The jackal misses you.
The orc priest mumbles some strange prayers to Beogh against you.
Pain shoots through your body!
* * * LOW HITPOINT WARNING * * *
You take 9 damage, and have 11/46 hp.
You tentacle-slap the orc priest. You constrict the orc priest.
The jackal bites you.
* * * LOW HITPOINT WARNING * * *
The orc priest misses you.
A jackal comes into view.
You take 1 damage, and have 10/46 hp.
Unknown command.
The jackal barks!
You tentacle-slap the orc priest.
You kill the orc priest!
The jackal closely misses you.
A jackal comes into view.
You closely miss the jackal. You grab the jackal. You constrict the jackal.
The jackal misses you.
The jackal moves out of view.
The jackal closely misses you.
You tentacle-slap the jackal but do no damage.
You constrict the jackal. The jackal bites you.
* * * LOW HITPOINT WARNING * * *
You take 1 damage, and have 9/46 hp.
You tentacle-slap the jackal but do no damage.
You squeeze the jackal.
You kill the jackal!
The jackal misses you. The jackal bites you.
* * * LOW HITPOINT WARNING * * *
You take 2 damage, and have 7/46 hp.
The jackal bites you.
* * * LOW HITPOINT WARNING * * *
The jackal barely misses you.
You take 2 damage, and have 5/46 hp.
The jackal barely misses you.
Drink which item? (? for menu, Esc to quit)
Okay, then.
Read which item? (? for menu, Esc to quit)
Okay, then.
You closely miss the jackal. Your grab misses the jackal. The jackal bites you.
* * * LOW HITPOINT WARNING * * *
You take 2 damage, and have 3/46 hp.
You tentacle-slap the jackal. Your grab misses the jackal.
The jackal bites you.
* * * LOW HITPOINT WARNING * * *
You take 1 damage, and have 2/46 hp.
You completely miss the jackal. Your grab misses the jackal.
The jackal bites you.
You die...

#.....##.#
#............
##...###.#
#.####..##.#.
#...###.# #.#
#..##.#. #...(...#
#.# #.)##.#.
#....#### #.#
#....... #.#..# #.#
#.###... #.#..# #o#
#.# ##..
#..######.####.# #..
#.hh@..........####..
##h######........##..
#... #....##.. .....
####........ #......
........##.#
#......##
#####.#%#### #.#.....
.####..W..# #.####.
#...........# #. #.
#.#######.###


You could see 3 jackals.

Vanquished Creatures
  A phantom (D:4)
  3 orc wizards
  An iguana (D:4)
  5 orc priests
  Jessica (D:2)
  A worker ant (D:3)
  5 adders
  An ooze (D:1)
  2 adder skeletons
  3 worms
  2 giant geckos
  11 orcs
  6 giant cockroaches
  10 goblins
  4 hobgoblins
  16 jackals
  7 kobolds
  2 quokkas
  10 bats
  3 giant newts
  A jackal skeleton (D:4)
  10 rats
105 creatures vanquished.

Notes
Turn   | Place    | Note
--------------------------------------------------------------
     0 | D:1      | esc the Octopode Transmuter began the quest for the Orb.
     0 | D:1      | Reached XP level 1. HP: 13/13 MP: 3/3
   214 | D:1      | Reached XP level 2. HP: 11/18 MP: 5/5
   340 | D:1      | HP: 2/18 [ooze (3)]
   702 | D:1      | Reached XP level 3. HP: 16/23 MP: 6/6
   923 | D:2      | Found a radiant altar of Vehumet.
   925 | D:2      | Noticed Jessica
   955 | D:2      | Learned a level 2 spell: Sticks to Snakes
   991 | D:2      | Killed Jessica
   991 | D:2      | Reached XP level 4. HP: 9/29 MP: 5/7
  1067 | D:2      | HP: 7/29 [jackal (2)]
  1396 | D:2      | Found a blossoming altar of Fedhas.
  1714 | D:2      | HP: 5/29 [orc wizard/magic dart (10)]
  1718 | D:2      | Reached skill level 2 in Fighting
  1984 | D:3      | HP: 3/29 [orc priest/divine providence (15)]
  1987 | D:2      | HP: 1/29 [orc (2)]
  2104 | D:2      | HP: 7/29 [hobgoblin/club (4)]
  2352 | D:2      | Reached XP level 5. HP: 26/34 MP: 9/9
  2578 | D:3      | Reached skill level 3 in Spellcasting
  3203 | D:4      | Noticed a phantom
  3215 | D:3      | Reached skill level 3 in Dodging
  3215 | D:3      | Reached skill level 3 in Transmutations
  3573 | D:4      | Found Fisauk's Assorted Antiques.
  3582 | D:4      | Reached skill level 4 in Unarmed Combat
  3582 | D:4      | Reached XP level 6. HP: 15/41 MP: 10/10
  3589 | D:4      | HP: 9/41 [jackal (2)]
  3596 | D:4      | HP: 8/41 [jackal (2)]
  4255 | D:4      | Killed a phantom
  4734 | D:5      | Entered Level 5 of the Dungeon
  4734 | D:5      | Found an iron altar of Okawaru.
  4779 | D:4      | HP: 6/41 [orc wizard/puff of flame (6)]
  5093 | D:3      | Reached skill level 3 in Fighting
  5093 | D:3      | Reached XP level 7. HP: 19/46 MP: 12/12
  5556 | D:4      | HP: 11/46 [orc priest/nerve-wracking pain (9)]
  5561 | D:4      | HP: 7/46 [jackal (3)]
  5564 | D:4      | HP: 3/46 [jackal (2)]
  5566 | D:4      | Slain by a jackal

Vault maps used:
D:1:      onia_arrival_mini_maze_b, glass_columns_a, st_stairs_2
D:2:      fedhas_altar_3, lemuel_statue_altar, uniq_jessica
D:3:      first_bread, minmay_stone_trees_small
D:4:      serial_shops, nicolae_shop_waterfront, bh_chokoban
D:5:      okawaru_ov_weapons_minmay, zin_academy, serial_shops,
          kennysheep_mini_moat

Action                   |  1- 3 |  4- 6 |  7- 9 || total
-------------------------+-------+-------+-------++-------
Melee: Unarmed           |    73 |   238 |    31 ||   342
 Cast: Sticks to Snakes  |     1 |     1 |       ||     2
  Use: Scroll            |       |    11 |       ||    11
 Stab: Sleeping          |     6 |     7 |       ||    13
  Eat: Chunk             |       |     9 |     1 ||    10
       Beef jerky        |       |     1 |       ||     1
       Fruit             |       |     4 |       ||     4

Vault maps used:
D:1:      onia_arrival_mini_maze_b, glass_columns_a, st_stairs_2
D:2:      fedhas_altar_3, lemuel_statue_altar, uniq_jessica
D:3:      first_bread, minmay_stone_trees_small
D:4:      serial_shops, nicolae_shop_waterfront, bh_chokoban
D:5:      okawaru_ov_weapons_minmay, zin_academy, serial_shops,
          kennysheep_mini_moat

Table legend:
 A = Turns spent in this place as a percentage of turns spent in the entire game.
 B = Non-inter-level travel turns spent in this place as a percentage of non-inter-level travel turns spent in the entire game.
 C = Inter-level travel turns spent in this place as a percentage of turns spent in this place.
 D = Turns resting spent in this place as a percentage of non-inter-level travel turns spent in this place.
 E = Turns spent auto-exploring this place as a percentage of non-inter-level travel turns spent in this place.
 F = Non-inter-level travel turns spent in this place divided by the number of levels of this place that you've seen.
                   A       B       C       D       E      F
               +-------+-------+-------+-------+-------+----------------------
         Total | 100.0 | 100.0 |   0.3 |   5.4 |   5.6 | 286.8
       Dungeon | 100.0 | 100.0 |   0.3 |   5.4 |   5.6 | 286.8
               +-------+-------+-------+-------+-------+----------------------

Table legend:
 A = Kills in this place as a percentage of kills in entire the game.
 B = Kills by you in this place as a percentage of kills by you in the entire game.
 C = Kills by friends in this place as a percentage of kills by friends in the entire game.
 D = Other kills in this place as a percentage of other kills in the entire game.
 E = Experience gained in this place as a percentage of experience gained in the entire game.
 F = Experience gained in this place divided by the number of levels of this place that you have seen.
                   A       B       C       D       E      F
               +-------+-------+-------+-------+-------+----------------------
         Total | 100.0 | 100.0 |  -nan |  -nan | 100.0 | 155.6
       Dungeon | 100.0 | 100.0 |  -nan |  -nan | 100.0 | 155.6
               +-------+-------+-------+-------+-------+----------------------
